 Dungeon Crawl Stone Soup version 0.23.2-1-ga50397a6bc (webtiles) character file.

Game seed: 7118868589156660714

296 Gunterle the Slasher (level 6, -1/32 HPs)
             Began as a Vine Stalker Monk on May 6, 2019.
             Slain by a mummy (10 damage)
             ... in an ossuary.
             The game lasted 00:15:26 (2290 turns).

Gunterle the Slasher (Vine Stalker Monk)            Turns: 2290, Time: 00:15:27

Health: -1/32      AC:  5    Str: 14    XL:     6   Next: 35%
Magic:  0/7        EV: 13    Int: 12    God:
Gold:   182        SH:  0    Dex: 16    Spells: 5/5 levels left

rFire    . . .     SeeInvis +   G - +0 long sword
rCold    . . .     Gourm    .   (no shield)
rNeg     . . .     Faith    .   b - +0 robe
rPois    .         Spirit   +   (no helmet)
rElec    .         Reflect  .   g - +2 cloak
rCorr    .         Harm     .   (no gloves)
MR       .....                  (no boots)
Stlth    ++........             (no amulet)
HPRegen  0.50/turn              l - ring of see invisible
MPRegen  0.10/turn              (no ring)

@: no status effects
A: fangs 2, regeneration 1, magic shield, antimagic bite, no potion heal 3, rot
immunity
a: no special abilities


You were in an ossuary.
You were not hungry.

You visited 1 branch of the dungeon, and saw 4 of its levels.
You also visited: Ossuary.

You collected 182 gold pieces.

Inventory:

Hand Weapons
 a - a +0 falchion
 f - a +1 dagger of venom
 G - a +0 long sword (weapon)
Missiles
 i - 120 stones (quivered)
 s - 16 poisoned needles
 y - 23 arrows
 A - 20 bolts
 C - 15 sling bullets
Armour
 b - a +0 robe (worn)
 g - a +2 cloak (worn)
 u - a +2 chain mail of magic resistance
 x - a scarf of repulsion
 D - a +0 shield
 E - a +0 leather armour
Jewellery
 l - a ring of see invisible (left hand)
 v - an uncursed amulet of faith
Wands
 F - a wand of random effects (4)
Scrolls
 e - a scroll of enchant armour
 j - a scroll of teleportation
 k - 2 scrolls of enchant weapon
 p - a scroll of remove curse {unknown}
 t - a scroll of immolation {unknown}
Potions
 d - a potion of curing {unknown}
 h - a potion of haste {unknown}
 m - 2 potions of flight
 n - a potion of heal wounds {unknown}
 o - 2 potions of might {unknown}
 q - a potion of magic {unknown}
 r - a potion of mutation
 z - a potion of berserk rage {unknown}
Comestibles
 c - 4 rations
 B - 14 chunks of flesh


   Skills:
 - Level 2.6 Fighting
 + Level 6.3 Long Blades
 - Level 2.4 Dodging
 - Level 2.4 Stealth


You had 5 spell levels left.
You didn't know any spells.
Your spell library was empty.

Dungeon Overview and Level Annotations

Branches:
Dungeon (4/15)
 Temple: D:4-7

Altars:
Fedhas
Gozag
Trog

Shops:
D:2 *


Innate Abilities, Weirdness & Mutations

You have extremely sharp teeth.
Your natural rate of healing is unusually fast.
When hurt, damage is shared between your health and your magic reserves.
Your bite disrupts and absorbs the magic of your enemies.
Potions cannot restore your health.
You are immune to rotting.


Message History

You are too injured to fight recklessly!
Unknown command.
Okay, then.
You hit the mummy.
The mummy is moderately damaged.
The mummy barely misses you.
You riposte.
You hit the mummy. Your bite misses the mummy.
The mummy is heavily damaged.
The mummy hits you but does no damage.
You hit the mummy. Your bite misses the mummy.
The mummy is severely damaged.
You hit the mummy.
The mummy is severely damaged.
The mummy hits you!
* * * LOW HITPOINT WARNING * * *
The mummy closely misses you. x2; You riposte.
You closely miss the mummy. You hit the mummy.
You bite the mummy, but do no damage.
The mummy is almost destroyed.
The mummy hits you!
You die...

##+##
#...#
#.∩.#
#...#
#.∩.#
##..M##
#...M@#
#.#.#M#
#######


You could see 3 mummies.

Vanquished Creatures
  A hound (D:4)
  2 orc wizards (D:3)
  A worker ant (D:3)
  5 adders
  4 gnolls
  An ooze (D:1)
  A worm (D:3)
  4 dart slugs
  2 leopard geckos (D:2)
  12 orcs
  A ball python (D:3)
  7 giant cockroaches
  A hobgoblin (D:2)
  3 quokkas
  9 bats
  2 frilled lizards
  7 goblins
  5 kobolds
  11 rats
79 creatures vanquished.

Notes
Turn   | Place    | Note
-------+----------+-------------------------------------------
     0 | D:1      | Gunterle the Vine Stalker Monk began the quest for the Orb.
     0 | D:1      | Reached XP level 1. HP: 11/11 MP: 2/2
    61 | D:1      | Reached skill level 3 in Long Blades
    68 | D:1      | Reached XP level 2. HP: 14/16 MP: 3/3
   541 | D:2      | Reached XP level 3. HP: 15/19 MP: 2/4
   595 | D:2      | Reached skill level 4 in Long Blades
   877 | D:2      | Found an opulent altar of Gozag.
   880 | D:2      | Found Gozag's Platinum Reserve.
  1017 | D:2      | Gained mutation: Your natural rate of healing is unusually
                  | fast. [Vine Stalker growth]
  1017 | D:2      | Reached XP level 4. HP: 21/23 MP: 5/5
  1235 | D:3      | Found a blossoming altar of Fedhas.
  1401 | D:3      | HP: 1/23 [gnoll/+0 flail (6)]
  1482 | D:3      | Reached skill level 5 in Long Blades
  1600 | D:3      | Reached XP level 5. HP: 23/27 MP: 6/6
  1838 | D:3      | Reached skill level 6 in Long Blades
  1838 | D:3      | Reached XP level 6. HP: 22/32 MP: 7/7
  2025 | D:3      | Noticed a moth of wrath
  2027 | D:3      | Found a bloodstained altar of Trog.
  2137 | D:4      | Noticed a phantom
  2228 | D:4      | Found a sand-covered staircase.
  2281 | Ossuary  | Entered an ossuary
  2290 | Ossuary  | Slain by a mummy

Skill      XL: |  1  2  3  4  5 |
---------------+----------------+-----
Long Blades    | 3 4 5 6 |  6.3
Fighting       | |  2.6
Dodging        | |  2.4
Stealth        | |  2.4

Action                   |  1- 3 |  4- 6 || total
-------------------------+-------+-------++-------
Melee: Falchion          |    70 |   142 ||   212
       Bite              |    20 |    56 ||    76
       Long sword        |       |    26 ||    26
Throw: Stone             |     4 |    38 ||    42
  Use: Scroll            |       |     8 ||     8
 Stab: Sleeping          |    10 |     4 ||    14
  Eat: Chunk             |       |     5 ||     5
Armor: Robe              |     9 |    26 ||    35
Dodge: Dodged            |    56 |   104 ||   160
       Rpst.: Falchion   |    13 |    29 ||    42
       Long sword        |       |     7 ||     7
